 Dungeon Crawl Stone Soup version 0.28-a0-1143-gcf6077d4cc (webtiles) character file.

Game seed: 5342716479602371531

6036 kae the Severer (level 10, -6/83 HPs)
             Began as a Hill Orc Fighter on Dec 13, 2021.
             Was a Believer of Qazlal.
             Mangled by a phantasmal warrior (32 damage)
             ... led by a death knight
             ... on level 9 of the Dungeon.
             The game lasted 00:13:22 (13060 turns).

kae the Severer (Hill Orc Fighter)                 Turns: 13060, Time: 00:13:22

Health: -6/83      AC:  8    Str: 24    XL:     10   Next: 86%
Magic:  13/13      EV:  7    Int: 12    God:    Qazlal [**....]
Gold:   185        SH: 20    Dex:  8    Spells: 9/9 levels left

rFire   + + +      SeeInvis .   j - +3 hand axe (freeze)
rCold   . . .      Faith    .   f - +5 kite shield of Fashionability {rF+++ Int+4 Dex-2}
rNeg    . . .      Spirit   .   b - +1 scale mail
rPois   .          Reflect  +   (no helmet)
rElec   .          Harm     .   (no cloak)
rCorr   .          Rampage  .   (no gloves)
Will    .....                   (no boots)
Stlth   ..........              t - amulet of reflection
HPRegen 0.23/turn               (no ring)
MPRegen 0.13/turn               (no ring)

@: no status effects
A: no striking features
a: Renounce Religion, Upheaval


You were on level 9 of the Dungeon.
You worshipped Qazlal.
Qazlal was pleased with you.
You visited 2 branches of the dungeon, and saw 11 of its levels.
You also visited: Ossuary.

You collected 485 gold pieces.
You spent 300 gold pieces at shops.

Inventory:

Hand Weapons
 a - a +0 war axe
 j - a +3 hand axe of freezing (weapon)
 y - a +0 battleaxe
Armour
 b - a +1 scale mail (worn)
 c - a +0 buckler
 f - the +5 kite shield of Fashionability (worn) {rF+++ Int+4 Dex-2}
   (You found it on level 4 of the Dungeon)

   Int:       It affects your intelligence (+4).
   Dex:       It affects your dexterity (-2).
   rF:        It renders you almost immune to fire.
Jewellery
 r - an amulet of the acrobat
 t - an amulet of reflection (around neck)
 C - an amulet of faith
Wands
 h - a wand of charming (8)
 k - a wand of flame (51)
 u - a wand of mindburst (40)
 w - a wand of iceblast (14)
 B - a wand of digging (6)
Scrolls
 e - 8 scrolls of teleportation
 g - a scroll of fear
 i - a scroll of silence
 m - 2 scrolls of enchant armour
 x - a scroll of blinking
Potions
 d - 3 potions of might
 l - 2 potions of flight
 n - a potion of haste
 o - a potion of magic
 p - 5 potions of curing
 q - 2 potions of attraction
 s - 2 potions of berserk rage
 v - a potion of resistance
 z - 4 potions of heal wounds
 A - 3 potions of lignification


   Skills:
 + Level 6.0 Fighting
 * Level 17.4 Axes
 + Level 5.4 Armour
 - Level 4.4 Shields
 + Level 4.8 Invocations
 + Level 3.7 Evocations


You had 9 spell levels left.
You didn't know any spells.
Your spell library contained the following spells:

 Spells                   Type           Power      Damage    Failure   Level
 Animate Skeleton         Necr           0%         N/A       96%         1
 Pain                     Necr           0%         1d4       96%         1
 Slow                     Hex            0%         N/A       96%         1
 Sting                    Tmut/Pois      0%         1d3       96%         1
 Poisonous Vapours        Pois/Air       0%         N/A       99%         2
 Confusing Touch          Hex            0%         N/A       100%        3
 Conjure Flame            Conj/Fire      0%         6-21      100%        3
 Ignite Poison            Fire/Tmut/Pois 0%         N/A       100%        3
 Portal Projectile        Hex/Tloc       0%         N/A       100%        3
 Vampiric Draining        Necr           0%         2d6       100%        3
 Olgreb's Toxic Radiance  Pois           0%         N/A       100%        4
 Sticky Flame             Conj/Fire      0%         2d3       100%        4
 Blade Hands              Tmut           0%         N/A       100%        5
 Excruciating Wounds      Necr           0%         N/A       100%        5
 Yara's Violent Unravell  Hex/Tmut       0%         3d3       100%        5
 Dispersal                Tloc           0%         N/A       100%        6
 Disjunction              Tloc           0%         N/A       100%        8


Dungeon Overview and Level Annotations

Branches:
Dungeon (10/15)            Temple (1/1) D:5         Ossuary (visited)
   Lair: D:8-11         Orc: D:9-12

Altars:
Ashenzari
Cheibriados
Dithmenos
Elyvilon
Fedhas
Gozag
Hepliaklqana
Kikubaaqudgha
Makhleb
Nemelex Xobeh
Okawaru
Qazlal
Ru
Sif Muna
Trog
Uskayaw
Vehumet
Wu Jian
Xom
Yredelemnul
Zin
The Shining One

Shops:
D:6 !   D:7 !*


Message History

Pain shoots through your body!
The phantasmal warrior closely misses you.
You climb upwards.
There is a stone staircase leading down here.
You hit the phantasmal warrior but do no damage.
You hit the orc priest. You freeze the orc priest. You slice the orc priest!!
You freeze the orc priest.
You kill the orc priest!
Qazlal accepts your kill.
You hit the phantasmal warrior but do no damage.
The phantasmal warrior is engulfed in freezing vapours.
The phantasmal warrior barely misses you.
You hit the phantasmal warrior.
The phantasmal warrior is lightly damaged.
The phantasmal warrior hits you!!
You are too injured to fight recklessly!
You are too injured to fight recklessly!
You are too injured to fight recklessly!
You are too injured to fight recklessly!
You are too injured to fight recklessly!
You closely miss the phantasmal warrior.
The phantasmal warrior is lightly damaged.
The phantasmal warrior is engulfed in freezing vapours.
You block the phantasmal warrior's attack.
You barely miss the phantasmal warrior.
The phantasmal warrior is lightly damaged.
The phantasmal warrior is engulfed in freezing vapours.
You block the phantasmal warrior's attack.
You barely miss the phantasmal warrior.
The phantasmal warrior is moderately damaged.
You hit the phantasmal warrior.
The phantasmal warrior is moderately damaged.
You block the phantasmal warrior's attack.
You hit the phantasmal warrior.
The phantasmal warrior is moderately damaged.
The phantasmal warrior hits you!!
You hit the phantasmal warrior.
The phantasmal warrior is moderately damaged.
The phantasmal warrior hits you!!
You die...

###))##.........######8.. ####
#..)###..............#.8. ...####
#)### #..............#8.8
......###.# #..............####
...##..รท..# ######.........# ##
##..##.#### ###...###.....# #.
##.##..### ###...#.# #.....# #.
#.......####...###.###########.
#####......)..@...(............
#(....##.W.)....(.######...
#...#....########...###....
#########....### #.........#..##
#.......#.<..#### #....)......##
#.........#.....# #.........#..##
#........###.##.# #........##...#
#.......####.##.###........##.#.#
#.......# #..##..##...........#.<


You could see a phantasmal warrior.

Vanquished Creatures
  A two-headed ogre (D:9)
  A cyclops (D:9)
  Prince Ribbit (D:5)
  A wraith (D:9)
  2 wyverns
  A steam dragon (D:8)
  4 water moccasins
  5 orc warriors
  2 sky beasts
  5 necrophages
  4 ogres
  2 centaurs (D:8)
  A kobold brigand (D:9)
  A gnoll sergeant (D:5)
  4 bullfrogs
  2 scorpions
  A wyvern skeleton (D:7)
  A water moccasin skeleton (D:6)
  4 killer bees (D:8)
  3 wights (D:7)
  A howler monkey (D:8)
  3 bullfrog zombies
  3 centaur zombies (D:9)
  6 orc priests
  2 jellies (D:6)
  6 hounds
  Ijyb (D:5)
  2 iguanas (D:5)
  4 orc wizards
  13 mummies (Ossuary)
  4 howler monkey zombies
  10 gnolls
  16 adders
  A white imp (D:8)
  An ufetubus (D:5)
  3 worms
  3 dart slugs
  20 orcs
  12 ball pythons
  8 endoplasms
  2 giant cockroaches
  9 goblins
  8 hobgoblins
  10 quokkas
  5 bats
  7 frilled lizards
  2 gnoll skeletons (Ossuary)
  2 goblin skeletons (Ossuary)
  11 kobolds
  4 orc skeletons (Ossuary)
  6 rats
  11 rat skeletons (Ossuary)
242 creatures vanquished.

Vanquished Creatures (others)
  6 plants
  2 withered plants (D:9)
8 creatures vanquished.

Grand Total: 250 creatures vanquished

Notes
Turn   | Place    | Note
-------+----------+-------------------------------------------
     0 | D:1      | kae the Hill Orc Fighter began the quest for the Orb.
     0 | D:1      | Reached XP level 1. HP: 19/19 MP: 1/1
    39 | D:1      | Reached skill level 3 in Axes
    39 | D:1      | Reached XP level 2. HP: 26/26 MP: 2/2
    80 | D:1      | Reached skill level 4 in Axes
   181 | D:1      | Found a faded altar of an unknown god.
   427 | D:1      | Reached XP level 3. HP: 30/31 MP: 3/3
   772 | D:1      | Reached skill level 5 in Axes
  1035 | D:2      | Reached XP level 4. HP: 26/39 MP: 4/4
  1289 | D:2      | Reached skill level 6 in Axes
  1803 | D:2      | Reached XP level 5. HP: 27/45 MP: 5/5
  2045 | D:2      | Reached skill level 7 in Axes
  3321 | D:3      | Reached XP level 6. HP: 50/51 MP: 6/6
  3457 | D:3      | Reached skill level 8 in Axes
  4215 | D:4      | Identified the +5 kite shield of Fashionability {rF+++
                  | Int+4 Dex-2}
  4617 | D:4      | Reached skill level 9 in Axes
  4617 | D:4      | Reached XP level 7. HP: 30/57 MP: 7/7
  5399 | D:5      | Entered Level 5 of the Dungeon
  5405 | D:5      | Found a sand-covered staircase.
  5441 | Ossuary  | Entered an ossuary
  5600 | Ossuary  | Reached skill level 10 in Axes
  6521 | D:5      | Noticed Ijyb
  6538 | D:5      | Killed Ijyb
  6603 | D:5      | Reached skill level 11 in Axes
  6694 | D:5      | Found a staircase to the Ecumenical Temple.
  6719 | D:5      | Reached XP level 8. HP: 47/64 MP: 8/8
  6743 | Temple   | Entered the Ecumenical Temple
  7306 | Temple   | Became a worshipper of Qazlal Stormbringer
  7920 | D:5      | HP: 3/64 [bullfrog zombie (6)]
  7923 | D:5      | Reached skill level 12 in Axes
  8340 | D:5      | Noticed Prince Ribbit
  8359 | D:5      | Killed Prince Ribbit
  8360 | D:5      | Reached skill level 13 in Axes
  8591 | D:5      | Found a burning altar of Makhleb.
  8607 | D:5      | Reached skill level 14 in Axes
  8607 | D:5      | Reached XP level 9. HP: 53/70 MP: 9/9
  8957 | D:6      | Reached skill level 15 in Axes
  9010 | D:6      | Found Voggemen's Distillery.
  9018 | D:6      | Bought a potion of heal wounds for 60 gold pieces
  9018 | D:6      | Bought a potion of lignification for 36 gold pieces
  9018 | D:6      | Bought a potion of curing for 36 gold pieces
  9018 | D:6      | Bought a potion of heal wounds for 60 gold pieces
  9018 | D:6      | Bought a potion of might for 48 gold pieces
  9754 | D:7      | Found Quhoesem's Distillery.
  9762 | D:7      | Bought a potion of heal wounds for 60 gold pieces
  9791 | D:7      | Found Cyadauzy's Neck Hole.
  9944 | D:7      | Reached skill level 16 in Axes
 10151 | D:7      | Reached skill level 1 in Invocations
 10176 | D:7      | Reached skill level 1 in Evocations
 10413 | D:7      | Reached * piety under Qazlal
 10666 | D:8      | Reached XP level 10. HP: 69/78 MP: 11/11
 10892 | D:8      | Noticed a white ugly thing
 11262 | D:8      | Found an iron altar of Okawaru.
 11267 | D:8      | Found a radiant altar of Vehumet.
 11617 | D:8      | Reached skill level 5 in Fighting
 11976 | D:9      | Noticed a two-headed ogre
 12003 | D:9      | Killed a two-headed ogre
 12004 | D:9      | Reached skill level 17 in Axes
 12004 | D:9      | Reached skill level 5 in Armour
 12015 | D:9      | Reached ** piety under Qazlal
 12779 | D:9      | Found a shadowy altar of Dithmenos.
 12840 | D:9      | Noticed a cyclops
 12852 | D:9      | Killed a cyclops
 13047 | D:10     | Entered Level 10 of the Dungeon
 13047 | D:10     | Noticed a death knight
 13047 | D:10     | Noticed a phantasmal warrior
 13047 | D:10     | Noticed a skeletal warrior
 13047 | D:10     | Noticed a skeletal warrior
 13060 | D:9      | Mangled by a phantasmal warrior

Illustrated notes

Levels and vault maps discovered:
D:1:      minmay_arrival_split_and_join, layout_basic,
          hellmonk_ecumenical_altar_run_dry, minmay_tetromino_o4
D:2:      minmay_skewed_foursquare, layout_loops_ring, minmay_snake_closets
D:3:      layout_loops_ring, serial_forest, infiniplex_forest_straight_3,
          infiniplex_forest_straight_4, infiniplex_forest_lined_ring,
          infiniplex_forest_clump_small, infiniplex_forest_end_2,
          infiniplex_forest_lined_room_, infiniplex_forest_clump_diagonal,
          infiniplex_forest_lined_1
D:4:      layout_loops_cross, minmay_misc_feat_cross
D:5:      layout_basic, kennysheep_mini, minmay_temple_entry_junction_2,
          enter_ossuary_1, uniq_prince_ribbit1, uniq_ijyb
D:6:      layout_cave_pools, serial_shops, shop, chequers_serial_rivers_small_b,
          serial_bayou_crossing
D:7:      layout_loops_corners, serial_shops, shop,
          nicolae_shop_sticking_my_neck_out
D:8:      layout_loops_ring, mainiacjoe_overflow_catwalk_spiral,
          dk_noncrumbling_2
D:9:      layout_rooms, mainiacjoe_overflow_alcove_1, serial_undead,
          serial_undead_f, serial_undead_d, serial_undead_c, serial_undead_a,
          serial_undead_a
D:10:     layout_big_octagon, grunt_lair_entry_orc_guard_hut
Temple:   dpeg_five_rooms_temple

Skill      XL: |  1  2  3  4  5  6  7  8  9 10 |
---------------+-------------------------------+-----
Axes           | 3 4 5 6 7 9 11 14 16 17 | 17.4
Shields        | 4 |  4.4
Invocations    | 2 4 |  4.8
Fighting       | 4 6 |  6.0
Evocations     | 1 3 |  3.7
Armour         | 4 5 |  5.4

Action                   |  1- 3 |  4- 6 |  7- 9 | 10-12 || total
-------------------------+-------+-------+-------+-------++-------
Melee: War axe           |    97 |   219 |       |       ||   316
       Hand axe          |       |    24 |   440 |   213 ||   677
  Use: Scroll            |     1 |     4 |    13 |     5 ||    23
       Potion            |       |     2 |       |       ||     2
 Stab: Invisible         |       |     3 |       |       ||     3
Armor: Scale mail        |    49 |    67 |    51 |    18 ||   185
Dodge: Dodged            |    51 |    93 |    48 |    20 ||   212
Block: Buckler           |    23 |    49 |       |       ||    72
       Kite shield       |       |    14 |   211 |   157 ||   382
       Reflection        |       |       |       |     5 ||     5

Table legend: (Time is in decaauts)
 A = Elapsed time spent in this place.
 B = Non-inter-level travel time spent in this place.
 C = Inter-level travel time spent in this place.
 D = Time resting spent in this place.
 E = Time spent auto-exploring this place.
 F = Levels seen in this place.
 G = Mean time per level.
                   A        B        C        D        E       F      G
               +--------+--------+--------+--------+--------+-----+--------+
         Total |  13068 |  12699 |    369 |    681 |  10113 |  12 | 1089.0 |
       Dungeon |  10855 |  10576 |    279 |    128 |   8739 |  10 | 1085.5 |
        Temple |   1142 |   1052 |     90 |    553 |    473 |   1 | 1142.0 |
       Ossuary |   1070 |   1070 |      0 |      0 |    901 |   1 | 1070.0 |
               +--------+--------+--------+--------+--------+-----+--------+

Top non-repeatable levels by time:
     D:2: 2036 daAuts
     D:4: 1405 daAuts
     D:8: 1339 daAuts
     D:7: 1202 daAuts
  Temple: 1142 daAuts
     D:9: 1129 daAuts
     D:5: 1122 daAuts
     D:3: 1111 daAuts
 Ossuary: 1070 daAuts
     D:1: 908 daAuts
     D:6: 595 daAuts
    D:10: 3 daAuts
